 Dungeon Crawl Stone Soup version 0.26-a0-215-g1b87330c0f (webtiles) character file.

Game seed: 16925164135194161131

264 MrRokkomies the Sneak (level 5, 0/35 HPs)
             Began as a Vampire Enchanter on July 6, 2020.
             Slain by a polar bear (5 damage)
             ... created by the rage of Trog
             ... on level 4 of the Dungeon.
             The game lasted 00:11:40 (2539 turns).

MrRokkomies the Sneak (Vampire Enchanter)           Turns: 2539, Time: 00:11:41

Health: 0/35       AC:  8    Str:  7 (8)  XL:     5   Next: 98%
Magic:  6/8        EV: 17    Int: 17      God:
Gold:   44         SH:  0    Dex: 15      Spells: 3/8 levels left

rFire    . . .     SeeInvis +   a - +3 dagger (drain)
rCold    . . .     Faith    .   (no shield)
rNeg     . . .     Spirit   .   b - +1 robe
rPois    .         Reflect  .   q - +0 helmet
rElec    .         Harm     .   j - +0 cloak
rCorr    .                      (no gloves)
MR       .....                  e - +2 pair of boots {Stlth+}
Stlth    ++++......             k - amulet of magic regeneration
HPRegen  0.31/turn              o - +4 ring of evasion
MPRegen  0.36/turn              (no ring)

@: confusing touch, regenerating quickly
A: no food, fangs 3, see invisible, unbreathing
a: Exsanguinate


You were on level 4 of the Dungeon.
You were alive.

You visited 1 branch of the dungeon, and saw 4 of its levels.

You collected 94 gold pieces.
You spent 50 gold pieces at shops.

Inventory:

Hand Weapons
 a - a +3 dagger of draining (weapon)
 i - a +3 short sword of protection
 n - a +1 rapier of protection
Missiles
 d - 3 poisoned darts
 f - a throwing net
 h - 5 javelins (quivered)
Armour
 b - a +1 robe (worn)
 e - a +2 pair of boots of stealth (worn)
 j - a +0 cloak (worn)
 q - a +0 helmet (worn)
Jewellery
 k - an amulet of magic regeneration (around neck)
 o - a +4 ring of evasion (left hand)
Scrolls
 c - a scroll of teleportation
Potions
 g - 2 potions of curing
 l - 2 potions of might {unknown}
 m - a potion of lignification {unknown}
 p - a potion of heal wounds


   Skills:
 * Level 4.1 Short Blades
 + Level 1.9 Throwing
 - Level 2.1 Dodging
 + Level 6.1 Stealth
 - Level 2.0 Spellcasting
 - Level 5.9 Hexes


You had 3 spell levels left.
You knew the following spells:

 Your Spells              Type           Power        Failure   Level
b - Ensorcelled Hibernat  Hex/Ice        ##....       9%          2
c - Confusing Touch       Hex            ###.....     4%          3

Your spell library contained the following spells:

 Spells                   Type           Power        Failure   Level
 Corona                   Hex            ###....      1%          1
 Tukima's Dance           Hex            ###.....     4%          3
 Dazzling Flash           Conj/Hex       ##....       17%         3


Dungeon Overview and Level Annotations

Branches:
Dungeon (4/15)
 Temple: D:4-7

Altars:
Trog
Wu Jian
The Shining One

Shops:
D:4 !

Annotations:
D:4 Edmund


Innate Abilities, Weirdness & Mutations

You do not eat.
Your natural rate of healing is unusually fast.
You have razor-sharp teeth.
You have supernaturally acute eyesight. (SInv)
You can survive without breathing.


Message History

The polar bear claws you but does no damage.
The polar bear claws you.
There is a stone staircase leading up, spattered with blood here.
Casting: Confusing Touch (dangerous; 4% risk of failure)
Confirm with . or Enter, or press ? or * to list all spells.
Your hands begin to glow red.
The polar bear completely misses you.
The polar bear claws you but does no damage. x2
You hit the polar bear but do no damage.
The polar bear barely misses you.
The polar bear claws you but does no damage.
The polar bear misses you.
You hit the polar bear but do no damage.
The polar bear bites you! The polar bear claws you.
The polar bear claws you but does no damage.
You hit the polar bear but do no damage.
The polar bear bites you!
* * * LOW HITPOINT WARNING * * *
The polar bear claws you but does no damage.
The polar bear claws you.
You die...

.####........#....
.............#######
..........##.#
..........##### #
#..###........## #.##..#
##.#...##..###
....###......####..# ##
#..h.........#....#
#...##@...........# #..
#.......##.#...###..
####....##..#..##... ##
##.#...........^.# ##.#
##................# #
#...##h..#..##......#...
#. #........#........##.
#..###........r...........
#....................##...


You could see a polar bear.

Vanquished Creatures
  A polar bear (D:3)
  A bullfrog skeleton (D:4)
  3 orc wizards (D:4)
  Robin (D:4)
  A gnoll (D:1)
  3 adders
  A dart slug (D:2)
  5 leopard geckos
  10 orcs
  3 bats
  5 giant cockroaches
  19 goblins
  5 hobgoblins
  4 jackals (D:1)
  A quokka (D:3)
  6 frilled lizards
  9 kobolds
  A quokka skeleton (D:4)
  7 rats
86 creatures vanquished.

Notes
Turn   | Place    | Note
-------+----------+-------------------------------------------
     0 | D:1      | MrRokkomies the Vampire Enchanter began the quest for the
                  | Orb.
     0 | D:1      | Reached XP level 1. HP: 13/13 MP: 3/3
   249 | D:1      | Reached XP level 2. HP: 19/19 MP: 5/5
   253 | D:1      | Learned a level 2 spell: Ensorcelled Hibernation
   377 | D:1      | Reached skill level 5 in Hexes
   426 | D:1      | Reached XP level 3. HP: 17/24 MP: 0/6
   688 | D:2      | Learned a level 3 spell: Confusing Touch
  1095 | D:2      | Reached skill level 5 in Stealth
  1198 | D:2      | Found a glowing golden altar of the Shining One.
  1200 | D:2      | Found an ornate altar of the Wu Jian Council.
  1410 | D:3      | Reached skill level 1 in Throwing
  1410 | D:3      | Reached XP level 4. HP: 30/30 MP: 7/7
  1969 | D:3      | Found a faded altar of an unknown god.
  1971 | D:3      | Became a worshipper of Trog the Wrathful
  1971 | D:3      | Reached * piety under Trog
  1972 | D:3      | Fell from the grace of Trog
  2138 | D:4      | Found Rekiast's Distillery.
  2144 | D:4      | Bought a potion of heal wounds for 50 gold pieces
  2194 | D:4      | Reached XP level 5. HP: 17/35 MP: 5/8
  2305 | D:4      | Noticed Robin
  2324 | D:4      | Reached skill level 6 in Stealth
  2337 | D:4      | Killed Robin
  2374 | D:4      | Noticed a black bear
  2374 | D:4      | Noticed a polar bear
  2374 | D:4      | Noticed a polar bear
  2374 | D:4      | Noticed a polar bear
  2374 | D:4      | Noticed a polar bear
  2374 | D:4      | Noticed a polar bear
  2422 | D:4      | Noticed Edmund
  2482 | D:3      | Killed a polar bear
  2539 | D:4      | Slain by a polar bear

Illustrated notes

Levels and vault maps discovered:
D:1:      minmay_arrival_checkered_box, layout_basic
D:2:      layout_loops_ring, minitemple
D:3:      layout_loops_ring, chequers_ecumenical_altar_twisty
D:4:      layout_layer_cave, serial_shops, kennysheep_little_box, first_ration,
          portal_sewer_entry_b, uniq_robin, uniq_pikel, uniq_edmund

Skill      XL: |  1  2  3  4  5 |
---------------+----------------+-----
Hexes          | 5 |  5.9
Short Blades   | 2 3 4 |  4.1
Stealth        | 5 6 |  6.1
Throwing       | 1 |  1.9
Dodging        | |  2.1
Spellcasting   | |  2.0

Action                   |  1- 3 |  4- 6 || total
-------------------------+-------+-------++-------
Melee: Dagger            |   102 |   117 ||   219
       Bite              |     4 |     4 ||     8
Throw: Javelin           |     5 |     5 ||    10
 Cast: Ensorcelled Hiber |     2 |       ||     2
       Confusing Touch   |       |     4 ||     4
Invok: Renounce Religion |       |     1 ||     1
  Use: Scroll            |     6 |     4 ||    10
       Potion            |       |     1 ||     1
 Stab: Sleeping          |    23 |     8 ||    31
       Confused          |       |     2 ||     2
Armor: Robe              |    45 |    32 ||    77
Dodge: Dodged            |    69 |    89 ||   158

Table legend:
 A = Non-vault XP
 B = Vault XP
 C = Vault XP percentage of total XP
 D = Non-vault monster count
 E = Vault monster count
 F = Vault count percentage of total count
                 A         B        C        D         E       F
            +---------+---------+-------+---------+---------+-------
      Total |     341 |      37 |   9.8 |      72 |      13 |  15.3
            +---------+---------+-------+---------+---------+-------
        D:1 |      56 |       0 |   0.0 |      24 |       0 |   0.0
        D:2 |      40 |       0 |   0.0 |      16 |       0 |   0.0
        D:3 |      46 |       0 |   0.0 |      17 |       0 |   0.0
        D:4 |     199 |      37 |  15.7 |      15 |      13 |  46.4
            +---------+---------+-------+---------+---------+-------
